 Dungeon Crawl Stone Soup version 0.32-a0-643-ga006e7742e (console) character file.

Game seed: 6719040274342200551

2008284 elliptic the Conqueror (level 27, 249/249 HPs)
             Began as a Coglin Monk on Mar 7, 2024.
             Was the Champion of Trog.
             Escaped with the Orb
             ... and 3 runes
             ... and 1 gem on Mar 8, 2024!
             The game lasted 03:29:02 (54591 turns).

elliptic the Conqueror (Coglin Monk)               Turns: 54591, Time: 03:29:03

Health: 249/249    AC: 26    Str: 16    XL:     27
Magic:  23/23      EV: 40    Int: 14    God:    Trog [******]
Gold:   812        SH:  4    Dex: 29    Spells: 26/26 levels left

rFire   + + .        a - +9 double sword (freeze) {Aula}
rCold   + . .        b - +9 demon blade (chaos) {Genichi}
rNeg    . . .        H - +6 acid dragon scales
rPois   .            i - +0 hat of Shadows and Fog {Rampage Dex+3}
rElec   .            U - scarf {rC+ rF+}
rCorr   +            j - +3 pair of gloves of Privacy {Str+4}
SInv    .            y - +2 pair of boots {Fly}
Will    +++..        (amulet unavailable)
Stlth   +            (ring unavailable)
HPRegen 0.61/turn    (ring unavailable)
MPRegen 0.18/turn    Q - automatic actuator {rF+ Slay+3 Clar RMsl}

%: repel missiles, clarity, rampage
@: flying, hasted, studying 2 skills, very quick
A: off-hand wielding, slow wielding, warmup strikes, no jewellery, large bone
plates 1, strong-willed 1
0: Orb of Zot
}: 3/15 runes: decaying, silver, gossamer
a: Renounce Religion, Berserk, Trog's Hand, Brothers in Arms


You escaped.
You worshipped Trog.
Trog was exalted by your worship.
You visited 11 branches of the dungeon, and saw 51 of its levels.
You also visited: Trove, Sewer, Gauntlet and Ice Cave.

You collected 6714 gold pieces.
You spent 5902 gold pieces at shops.


Innate Abilities, Weirdness & Mutations

You can wield a second weapon in your off-hand.
It takes a long time for you to wield or remove held weapons.
Your first few attacks do less damage.
You cannot equip rings or amulets.
You are partially covered in large bone plates. (SH +4)
You are strong-willed. (Will+)


   Skills:
 O Level 27 Fighting
 + Level 21.0 Long Blades
 + Level 19.6 Armour
 O Level 27 Dodging
 - Level 8.0 Evocations


You had 26 spell levels left.
You didn't know any spells.
Your spell library contained the following spells:

 Spells                   Type           Power      Damage    Failure   Level
 Apportation              Tloc           0%         N/A       34%         1
 Foxfire                  Conj/Fire      0%         2x1d4     34%         1
 Kiss of Death            Conj/Necr      0%         2d5       34%         1
 Magic Dart               Conj           0%         1d3       34%         1
 Necrotise                Necr           0%         1d4       34%         1
 Slow                     Hex            0%         N/A       34%         1
 Sting                    Conj/Alch      0%         1d3       34%         1
 Summon Small Mammal      Summ           0%         N/A       34%         1
 Blink                    Tloc           0%         N/A       45%         2
 Call Imp                 Summ           0%         N/A       45%         2
 Cigotuvi's Dreadful Rot  Necr/Alch/Air  0%         N/A       45%         2
 Ensorcelled Hibernation  Hex/Ice        0%         N/A       45%         2
 Jinxbite                 Hex            0%         N/A       45%         2
 Lesser Beckoning         Tloc           0%         N/A       45%         2
 Scorch                   Fire           0%         2d5       45%         2
 Searing Ray              Conj           0%         2d4       45%         2
 Static Discharge         Conj/Air       0%         3-3/arc   45%         2
 Sublimation of Blood     Necr           0%         N/A       45%         2
 Call Canine Familiar     Summ           0%         N/A       71%         3
 Confusing Touch          Hex            0%         N/A       71%         3
 Frozen Ramparts          Ice            0%         1d1       71%         3
 Fugue of the Fallen      Necr           0%         N/A       71%         3
 Gell's Gravitas          Tloc           0%         N/A       71%         3
 Hailstorm                Conj/Ice       0%         3d5       71%         3
 Inner Flame              Hex/Fire       0%         N/A       71%         3
 Ozocubu's Armour         Ice            0%         N/A       71%         3
 Sigil of Binding         Hex            0%         N/A       71%         3
 Stone Arrow              Conj/Erth      0%         3d7       71%         3
 Summon Ice Beast         Ice/Summ       0%         N/A       71%         3
 Teleport Other           Tloc           0%         N/A       71%         3
 Vampiric Draining        Necr           0%         2d6       71%         3
 Volatile Blastmotes      Fire/Tloc      0%         2d10      71%         3
 Airstrike                Air            0%         2d(0-16)  98%         4
 Anguish                  Hex/Necr       0%         N/A       98%         4
 Animate Armour           Summ/Erth      0%         N/A       98%         4
 Animate Dead             Necr           0%         N/A       98%         4
 Cause Fear               Hex            0%         N/A       98%         4
 Dispel Undead            Necr           0%         3d6       98%         4
 Flame Wave               Conj/Fire      0%         2d4       98%         4
 Fulminant Prism          Conj/Alch      0%         3d5       98%         4
 Ignite Poison            Fire/Alch      0%         N/A       98%         4
 Iskenderun's Mystic Bla  Conj/Tloc      0%         2d3       98%         4
 Leda's Liquefaction      Alch/Erth      0%         N/A       98%         4
 Manifold Assault         Tloc           0%         N/A       98%         4
 Martyr's Knell           Necr/Summ      0%         N/A       98%         4
 Olgreb's Toxic Radiance  Alch           0%         N/A       98%         4
 Petrify                  Alch/Erth      0%         N/A       98%         4
 Sticky Flame             Fire/Alch      0%         2d4       98%         4
 Summon Blazeheart Golem  Fire/Summ      0%         N/A       98%         4
 Summon Lightning Spire   Summ/Air       0%         N/A       98%         4
 Vhi's Electric Charge    Tloc/Air       0%         N/A       98%         4
 Alistair's Intoxication  Alch           0%         N/A       100%        5
 Arcjolt                  Conj/Air       0%         1d10      100%        5
 Fireball                 Conj/Fire      0%         3d3       100%        5
 Freezing Cloud           Conj/Ice/Air   0%         6-21      100%        5
 Irradiate                Conj/Alch      0%         3d11      100%        5
 Iskenderun's Battlesphe  Conj           0%         2d6       100%        5
 Lee's Rapid Deconstruct  Erth           0%         3d4*      100%        5
 Metabolic Englaciation   Hex/Ice        0%         N/A       100%        5
 Silence                  Hex/Air        0%         N/A       100%        5
 Summon Forest            Summ/Tloc      0%         N/A       100%        5
 Summon Mana Viper        Hex/Summ       0%         N/A       100%        5
 Bombard                  Conj/Erth      0%         9d1       100%        6
 Conjure Ball Lightning   Conj/Air       0%         3x3d6     100%        6
 Death Channel            Necr           0%         N/A       100%        6
 Dispersal                Tloc           0%         N/A       100%        6
 Plasma Beam              Fire/Air       0%         2x1d10    100%        6
 Sculpt Simulacrum        Ice/Alch       0%         N/A       100%        6
 Starburst                Conj/Fire      0%         6d3       100%        6
 Summon Cactus Giant      Summ           0%         N/A       100%        6
 Monstrous Menagerie      Summ           0%         N/A       100%        7
 Ozocubu's Refrigeration  Ice            0%         4d7       100%        7
 Spellforged Servitor     Conj/Summ      0%         N/A       100%        7
 Borgnjor's Revivificati  Necr           0%         N/A       100%        8
 Discord                  Hex            0%         N/A       100%        8
 Disjunction              Tloc           0%         N/A       100%        8
 Infestation              Necr           0%         N/A       100%        8
 Lehudib's Crystal Spear  Conj/Erth      0%         10d2      100%        8
 Chain Lightning          Conj/Air       0%         N/A       100%        9
 Dragon's Call            Summ           0%         N/A       100%        9
 Polar Vortex             Ice            0%         N/A       100%        9

Inventory:

Hand Weapons
 a - a +9 double sword of freezing (weapon) {Aula}
 b - a +9 demon blade of chaos (offhand) {Genichi}
 Z - a +3 vampiric double sword
Missiles
 z - 5 throwing nets
 L - 14 curare-tipped darts (quivered)
Armour
 g - the scarf of a Hundred Scars {repulsion, Harm rF++}
   (You found it in a treasure trove)

   rF++:      It greatly protects you from fire.
   Harm:      It increases damage dealt and taken.
 i - the +0 hat of Shadows and Fog (worn) {Rampage Dex+3}
   (You found it in a treasure trove)

   Dex+3:     It affects your dexterity (+3).
   Rampage:   It bestows one free step when moving towards enemies.
 j - the +3 pair of gloves of Privacy (worn) {Str+4}
   (You found it in a Gauntlet)

   Str+4:     It affects your strength (+4).
 l - +0 storm dragon scales
 w - the +3 leather armour of Integrity {Regen+ Str+6}
   (You found it on level 11 of the Dungeon)

   Str+6:     It affects your strength (+6).
   Regen+:    It increases your rate of health regeneration.
 y - a +2 pair of boots of flying (worn)
 G - a +2 cloak
 H - +6 acid dragon scales (worn)
 J - the +0 helmet of Fiokas {rC+ Int+4}
   (You found it on level 12 of the Dungeon)

   Int+4:     It affects your intelligence (+4).
   rC+:       It protects you from cold.
 O - a +0 crystal plate armour
 U - a scarf of resistance (worn)
 X - the +6 chain mail of the Eleven Teeth {^Contam Will+ Str+3 Stlth+}
   (You found it on level 3 of the Elven Halls)

   Str+3:     It affects your strength (+3).
   Will+:     It increases your willpower.
   ^Contam:   It causes magical contamination when unequipped.
   Stlth+:    It makes you more stealthy.
 Y - +4 fire dragon scales {Xtahua}
Gizmo
 Q - an automatic actuator (installed) {rF+ Slay+3 Clar RMsl}
   (You invented it yourself on level 4 of the Lair of Beasts)

   [automatic actuator]

   Slay+3:    It affects your accuracy & damage with ranged weapons and melee
   (+3).
   rF+:       It protects you from fire.
   Clar:      It protects you from confusion, rage, mesmerisation and fear.
   RMsl:      It protects you from missiles.
Wands
 e - a wand of quicksilver (24)
 k - a wand of digging (1)
 P - a wand of roots (49)
Scrolls
 d - 21 scrolls of teleportation
 f - 4 scrolls of silence {!r}
 r - 15 scrolls of poison
 B - 8 scrolls of fear
 F - 6 scrolls of blinking
 N - 11 scrolls of fog
 S - 2 scrolls of butterflies
Potions
 c - 20 potions of ambrosia
 h - 4 potions of cancellation
 n - 14 potions of enlightenment
 q - 2 potions of berserk rage {!q}
 t - 9 potions of invisibility
 u - 4 potions of might
 v - 15 potions of heal wounds
 x - 5 potions of haste
 C - 2 potions of resistance
 E - 9 potions of magic
 K - 11 potions of curing
 M - 10 potions of attraction
 T - 8 potions of mutation {!q}
Miscellaneous
 R - a lightning rod (4/4)


Message History

You fly upwards.
There is a stone staircase leading down here.
There is an open door here.
There is a stone staircase leading up here.
You fly upwards.
There is a stone staircase leading down here.
There is a stone staircase leading up, spattered with blood here.
You fly upwards.
There is a stone staircase leading down here.
There is a stone staircase leading up here.
You fly upwards.
There is a stone staircase leading down here.
There is a stone staircase leading up here.
You fly upwards.
There is a stone staircase leading down here.
There is a stone staircase leading up, spattered with blood here.
You fly upwards.
There is a stone staircase leading down here.
There is a stone staircase leading up here.
You fly upwards.
There is a stone staircase leading down here.
There is an escape hatch in the floor here.
There is an escape hatch in the ceiling here.
A mysterious force pulls you upwards. The hatch slams shut behind you.
There is a stone staircase leading up here.
You fly upwards.
There is a stone staircase leading down here.
There is a stone staircase leading up here.
You fly upwards.
There is a stone staircase leading down here.
There is an escape hatch in the floor here.
There is a stone staircase leading up here.
You feel yourself speed up.
You fly upwards.
There is a stone staircase leading down here.
A Brimstone Fiend comes into view.
Blink to where?
Press: ? - help, Dir - move target
As you read the scroll of blinking, it crumbles to dust.
You have escaped!

.....# #.# #..#####......####.#..
.....# #.###7.....7.7##..####.#.#
###### #.##..77...P...#.......#.#
########.#...PP.ยค...P..#........#
...................7...7.########
............7..P.P....P7.# #..
.............P.....P.7.7.######.#
.................................
...........1P...@...P....######.#
.........P.7...........P.# #..
.............P.....P.P...# ###
............7..P.P....P7.####
....##'#.....7.......77.....##
....##.#.#.....7..P....####..##
....##.#.##......P.P..######..###
######.#.###.....................
#.#.# ##########.########.##


You could see a Brimstone Fiend.

Vanquished Creatures
  7 dread liches
  3 ancient liches
  4 orbs of fire (Zot:5)
  A juggernaut (Depths:4)
  Xtahua (Vaults:2)
  Boris (4 times) (Vaults:3 Crypt:1 Crypt:2 Depths:3)
  Sojobo (Depths:2)
  Saint Roka (Orc:2)
  2 caustic shrikes (Depths:2)
  Margery (Vaults:2)
  2 Killer Klowns (Zot:5)
  3 curse toes
  7 golden dragons
  Jory (Vaults:2)
  Norris (Vaults:3)
  2 doom hounds (Depths:3)
  A profane servitor (Crypt:3)
  2 bone dragons
  An electric golem (Zot:5)
  A hellephant (Vaults:2)
  4 liches
  The ghost of Hempoxt the Cloud Mage, an adept HuAE of Vehumet (Elf:3)
  26 Orb Guardians (Zot:5)
  A walking earthen tome (Depths:3)
  13 tentacled monstrosities
  2 deep elf blademasters
  A walking frostbound tome (Depths:3)
  A deep elf master archer (Elf:3)
  7 quicksilver dragons
  Grunn (Depths:3)
  6 titans (Vaults:5)
  Asterion (Elf:3)
  2 sphinxes
  8 ancient champions
  6 death cobs
  Agnes (Elf:1)
  5 shadow dragons
  6 revenants
  2 thorn hunters
  12 storm dragons
  15 tengu reavers
  A draconian knight (Zot:2)
  9 fenstrider witches
  9 fire giants
  6 draconian monks
  8 deep elf sorcerers
  3 emperor scorpions
  14 vault wardens
  A draconian scorcher (Zot:4)
  7 ghost moths
  5 iron dragons
  Louise (Spider:4)
  6 curse skulls
  9 frost giants
  6 ghouls
  2 angels
  7 deep elf elementalists (Elf:3)
  10 ironbound preservers
  7 draconian annihilators
  4 orc warlords
  A cacodemon (Depths:1)
  7 broodmothers
  13 stone giants
  6 ironbound thunderhulks
  A formless jellyfish (Vaults:4)
  6 spriggan defenders
  11 vampire knights
  23 very ugly things
  4 deep elf demonologists
  4 eleionomae
  3 black draconians
  5 white draconians
  3 deep elf annihilators
  A spectral titan (Crypt:3)
  2 bunyips (Swamp:2)
  8 green draconians
  2 war gargoyles (Vaults:5)
  11 deep elf death magi
  5 dire elephants
  5 yellow draconians
  5 purple draconians
  A minotaur (Gauntlet)
  6 red draconians
  12 ettins
  11 spark wasps
  A blizzard demon (Swamp:4)
  Snorg (Orc:2)
  4 eidola (Crypt:2)
  9 fire dragons
  A crystal guardian (Vaults:4)
  8 deep elf high priests
  10 entropy weavers
  18 jiangshi
  8 ice dragons
  Josephine (Orc:2)
  11 yaktaur captains
  33 vault guards
  2 hell beasts
  2 salamander tyrants
  8 great orbs of eyes
  A peacekeeper (Vaults:4)
  13 hydras
  2 rakshasas (Depths:2)
  8 spriggan air magi
  A jorogumo (Spider:4)
  A juggernaut simulacrum (Depths:3)
  A caustic shrike simulacrum (Crypt:2)
  A ghost crab (Swamp:4)
  12 alligators
  10 centaur warriors
  3 catoblepae
  6 ironbound frosthearts
  3 ogre magi
  3 radroaches
  An Orb Guardian zombie (Crypt:1)
  27 dancing weapons
  4 death knights
  13 two-headed ogres
  2 Orb Guardian skeletons
  6 death yaks
  10 deep troll earth magi
  11 tengu warriors
  7 boulder beetles
  4 deep troll shamans
  4 demonic crawlers
  An orc high priest (Orc:2)
  2 storm dragon zombies
  5 vampire magi
  3 occultists
  3 soul eaters
  8 spriggan berserkers
  5 hell knights
  10 deep elf knights
  2 titan skeletons
  7 sun demons (Depths:1)
  4 skysharks
  3 salamander mystics
  5 iron trolls
  3 pharaoh ants
  2 sixfirhies (Depths:1)
  42 skeletal warriors
  A ghost moth zombie (Crypt:1)
  11 goliath frogs
  Nergalle (Orc:1)
  A glowing orange brain (shapeshifter) (Depths:3)
  5 flayed ghosts
  11 deep elf archers
  38 deep trolls
  13 bog bodies
  4 sun moths
  A spriggan simulacrum (Crypt:2)
  11 orb spiders
  3 swamp dragons
  14 arcanists
  A tengu zombie (Depths:3)
  8 spriggan druids
  4 glowing orange brains
  18 ironbound convokers
  A lindwurm (shapeshifter) (Vaults:3)
  17 necromancers
  3 thermic dynamos (Elf:3)
  A bunyip skeleton (Crypt:1)
  3 large abominations
  4 lindwurms (Vaults:3)
  A shadow dragon zombie (Vaults:3)
  11 phantasmal warriors
  A wolf spider zombie (Spider:3)
  16 orc knights
  28 deep elf zephyrmancers
  5 harpies
  26 wolf spiders
  A stone giant zombie (Vaults:3)
  An anaconda skeleton (Crypt:1)
  5 orc sorcerers
  5 spectral wolf spiders (Spider:3)
  29 deep elf pyromancers
  3 shining eyes (Depths:1)
  3 human zombies
  21 moths of wrath
  3 will-o-the-wisps
  43 ugly things
  5 cyclopes
  A manticore (shapeshifter) (Vaults:5)
  7 salamanders
  A centaur zombie (Crypt:1)
  A meliai (Spider:4)
  2 manticores
  2 stone giant skeletons
  An ice statue (IceCv)
  An iron dragon skeleton (Crypt:1)
  A kobold blastminer (Orc:1)
  2 guardian serpents (Depths:2)
  A storm dragon simulacrum (Crypt:1)
  2 black mambas
  25 slime creatures
  5 elephants (Lair:4)
  3 smoke demons
  A formless jellyfish zombie (Crypt:1)
  9 vault sentinels
  2 orange demons (Swamp:4)
  6 torpor snails
  2 centaur skeletons (Crypt:1)
  A gargoyle (D:12)
  22 cane toads
  A catoblepas zombie (Crypt:2)
  9 rime drakes
  9 komodo dragons
  3 unseen horrors
  3 efreet
  9 freezing wraiths
  2 kobold demonologists
  A tormentor (Zot:2)
  A spark wasp simulacrum (Depths:3)
  21 yaktaurs
  3 guardian mummies (Crypt:1)
  A queen bee (Lair:2)
  A death drake zombie (Crypt:2)
  3 tengu conjurers
  9 polar bears
  A sea snake skeleton (Crypt:1)
  4 hellwings
  A yellow draconian skeleton (Crypt:2)
  8 trolls
  9 tyrant leeches
  2 harpy skeletons
  A bloated husk (Swamp:4)
  A hornet (shapeshifter) (D:15)
  20 hornets
  3 wolf spider simulacra (Spider:3)
  A hydra skeleton (Crypt:1)
  26 tarantellas
  4 human skeletons
  3 glass eyes
  35 blink frogs
  22 culicivoras
  10 dream sheep (Lair:5)
  A jumping spider (shapeshifter) (D:13)
  30 jumping spiders
  A centaur simulacrum (D:14)
  20 spriggans
  15 wraiths
  3 shadows (Crypt:3)
  4 vampires
  17 humans (D:14)
  2 spriggan skeletons (Depths:1)
  50 yaks
  2 fire elementals
  A slime creature zombie (Crypt:2)
  2 water elementals (Elf:2)
  4 wyverns
  8 basilisks
  2 steam dragons
  4 wargs
  65 redbacks
  23 vampire mosquitoes
  A harpy simulacrum (Crypt:2)
  4 small abominations
  A glowing shapeshifter zombie (Crypt:1)
  16 swamp worms
  A hell hound (Depths:1)
  17 water moccasins
  5 acid dragons
  32 orc warriors
  A swamp drake (Swamp:3)
  A sky beast (D:7)
  A cane toad skeleton (Crypt:2)
  2 black bears
  2 ice beasts
  A meliai simulacrum (D:15)
  A boggart (shapeshifter) (Elf:1)
  24 laughing skulls
  2 ettin simulacra
  10 wolves (IceCv)
  An elephant skeleton (Crypt:1)
  13 ogres
  18 centaurs
  A dream sheep skeleton (Crypt:2)
  A manticore skeleton (Crypt:2)
  2 elf zombies (Elf:1)
  A kobold brigand (D:7)
  A weeping skull (Crypt:3)
  A draconian zombie (Crypt:1)
  11 bullfrogs
  2 gnoll sergeants (D:7)
  A glowing shapeshifter simulacrum (Vaults:3)
  3 earth elementals
  6 burial acolytes
  6 wights
  41 killer bees
  2 howler monkeys
  4 electric eels
  4 crimson imps (Gauntlet)
  3 jellies
  25 orc priests
  2 bombardier beetles
  5 hounds
  3 gnoll boudas
  5 iguanas
  28 orc wizards
  3 sleepcaps
  5 hell rats
  An ogre skeleton (Crypt:2)
  2 mummies (Crypt:1)
  22 gnolls
  9 adders
  3 river rats
  A steam dragon skeleton (Crypt:2)
  5 shadow imps
  2 white imps (Gauntlet)
  3 dart slugs
  2 ribbon worms
  63 orcs
  11 endoplasms
  5 giant cockroaches
  7 goblins
  6 hobgoblins
  5 jackals
  5 quokkas
  3 ball pythons
  5 bats
  A frilled lizard (D:3)
  6 kobolds
  9 rats
2270 creatures vanquished.

Vanquished Creatures (collateral kills)
  Mennas (Vaults:3)
  Bai Suzhen (Spider:4)
  Vv (Depths:3)
  A tengu reaver (Depths:2)
  A frost giant (Depths:2)
  An ironbound preserver (Vaults:2)
  An ironbound thunderhulk (Vaults:2)
  A deep elf high priest (Elf:3)
  An ogre mage (Vaults:2)
  A pharaoh ant (Spider:4)
  A deep troll (Vaults:2)
  A bog body (Swamp:4)
  An arcanist (Vaults:3)
  A deep elf zephyrmancer (Elf:3)
  A will-o-the-wisp (Swamp:4)
  A vault sentinel (Vaults:2)
  A yaktaur (Vaults:3)
  A hellwing (Swamp:4)
  2 culicivoras (Spider:4)
20 creatures vanquished.

Vanquished Creatures (others)
  A large abomination (Elf:1)
  A deep elf zephyrmancer (Elf:3)
  A tarantella (Spider:4)
  A slime creature (D:13)
  A culicivora (Spider:4)
  A redback (Spider:2)
  An orc (Orc:2)
  2 foxfires (Swamp:4)
9 creatures vanquished.

Grand Total: 2299 creatures vanquished

Notes
Turn   | Place    | Note
-------+----------+-------------------------------------------
     0 | D:1      | elliptic the Coglin Monk began the quest for the Orb.
     0 | D:1      | Reached XP level 1. HP: 18/18 MP: 1/1
    14 | D:1      | Found a faded altar of an unknown god.
   267 | D:1      | Reached XP level 2. HP: 24/24 MP: 2/2
   624 | D:1      | Reached XP level 3. HP: 29/29 MP: 3/3
  1073 | D:2      | Found Loump's One-of-a-Kind Rings.
  1345 | D:2      | Reached XP level 4. HP: 35/35 MP: 4/4
  1512 | D:3      | uh
  1531 | D:3      | Reached XP level 5. HP: 16/41 MP: 5/5
  1740 | D:3      | Reached skill level 6 in Long Blades
  1806 | D:3      | Identified the +0 robe of Autumn {*Slow rPois Str+3}
  1819 | D:3      | probably a bad idea really
  1962 | D:3      | okay
  2239 | D:3      | Reached XP level 6. HP: 40/48 MP: 6/6
  2737 | D:4      | hm
  3049 | D:4      | Reached XP level 7. HP: 55/55 MP: 7/7
  3146 | D:5      | Entered Level 5 of the Dungeon
  3203 | D:5      | Found an ornate altar of the Wu Jian Council.
  3232 | D:5      | Reached skill level 3 in Dodging
  3387 | D:5      | hm
  3398 | D:5      | Found a glowing drain.
  3407 | Sewer    | Entered a sewer
  3458 | Sewer    | uh
  3494 | Sewer    | Acquired a manual of Dodging
  3667 | D:5      | uh
  3668 | D:5      | Reached XP level 8. HP: 39/61 MP: 8/8
  4264 | D:6      | Reached skill level 6 in Dodging
  4974 | D:6      | Noticed a wraith
  5003 | D:6      | Killed a wraith
  5004 | D:6      | Reached skill level 9 in Long Blades
  5180 | D:7      | hm
  5398 | D:7      | Reached XP level 9. HP: 52/68 MP: 9/9
  5481 | D:7      | Reached skill level 1 in Evocations
  5609 | D:7      | Reached skill level 3 in Evocations
  5620 | D:7      | Noticed a two-headed ogre
  5621 | D:7      | hm
  5626 | D:7      | Killed a two-headed ogre
  6049 | D:7      | Found Riskelov's General Store.
  6259 | D:7      | Found a staircase to the Ecumenical Temple.
  6265 | Temple   | Entered the Ecumenical Temple
  6276 | Temple   | Became a worshipper of Trog the Wrathful
  6276 | Temple   | Reached * piety under Trog
  6276 | Temple   | Reached ** piety under Trog
  6422 | D:7      | Reached XP level 10. HP: 74/74 MP: 10/10
  6728 | D:8      | Reached skill level 9 in Dodging
  6935 | D:8      | hm
  7068 | D:8      | Reached skill level 6 in Fighting
  8423 | D:9      | Found a stormy altar of Qazlal.
  8424 | D:9      | Found a radiant altar of Vehumet.
  8595 | D:10     | Entered Level 10 of the Dungeon
  8605 | D:9      | Reached *** piety under Trog
  8987 | D:10     | Noticed a two-headed ogre
  8993 | D:10     | Killed a two-headed ogre
  8994 | D:10     | Reached skill level 12 in Long Blades
  9014 | D:10     | Noticed a two-headed ogre
  9022 | D:10     | Killed a two-headed ogre
  9023 | D:10     | Reached XP level 11. HP: 83/83 MP: 11/11
  9434 | D:10     | Found Adu Kuakk's Jewellery Boutique.
 10083 | D:10     | Found a staircase to the Lair.
 10208 | D:10     | oh
 10209 | D:10     | hm
 10293 | D:11     | Noticed a cyclops
 10306 | D:11     | Killed a cyclops
 10385 | D:11     | Noticed a cyclops
 10408 | D:11     | Killed a cyclops
 10409 | D:11     | Noticed a cyan ugly thing
 10421 | D:11     | Killed a cyan ugly thing
 10468 | D:11     | Noticed a centaur warrior
 10486 | D:11     | Killed a centaur warrior
 10530 | D:11     | Noticed a boulder beetle
 10533 | D:11     | hm
 10543 | D:11     | Killed a boulder beetle
 10590 | D:11     | Reached skill level 3 in Armour
 10908 | D:11     | Found a transporter.
 10956 | D:11     | Noticed a manticore
 10968 | D:11     | Killed a manticore
 10969 | D:11     | Reached XP level 12. HP: 91/91 MP: 12/12
 11071 | D:11     | Found a transporter.
 11209 | D:11     | eh
 11292 | D:11     | why
 11324 | D:11     | Noticed a seven-headed hydra
 11496 | D:11     | eh
 11524 | D:11     | Noticed a tengu warrior
 11531 | D:11     | Killed a tengu warrior
 11568 | D:11     | why
 11575 | D:11     | Killed a seven-headed hydra
 11657 | D:11     | Found a staircase to the Orcish Mines.
 11680 | D:11     | Found a roughly hewn altar of Beogh.
 11685 | D:11     | Identified the +3 leather armour of Integrity {Regen+
                  | Str+6}
 11823 | D:11     | Noticed a centaur warrior
 11824 | D:11     | why
 11831 | D:11     | Killed a centaur warrior
 11832 | D:11     | Reached skill level 9 in Fighting
 11897 | D:11     | Noticed an ogre mage
 11899 | D:11     | Reached **** piety under Trog
 11900 | D:11     | why
 11914 | D:11     | Killed an ogre mage
 12436 | D:12     | Identified the +0 helmet of Fiokas {rC+ Int+4}
 13275 | Lair:1   | Entered Level 1 of the Lair of Beasts
 13546 | Lair:1   | Reached XP level 13. HP: 106/106 MP: 13/13
 14009 | Lair:2   | Found a staircase to the Swamp.
 14055 | Lair:2   | Reached skill level 12 in Fighting
 14199 | Lair:2   | Found a hole to the Spider Nest.
 14257 | Lair:2   | hm
 14257 | Lair:2   | HP: 9/109 [blink frog (14)]
 14497 | Lair:2   | Reached ***** piety under Trog
 15055 | Lair:3   | Reached skill level 12 in Dodging
 15170 | Lair:3   | Noticed Sonja
 15171 | Lair:3   | Sonja changed into Sonja the black bear
 15171 | Lair:3   | Noticed Sonja
 15176 | Lair:3   | Killed Sonja the black bear
 15430 | Lair:3   | Received a gift from Trog
 16202 | Lair:4   | Reached XP level 14. HP: 121/121 MP: 14/14
 16203 | Lair:4   | Acquired an automatic actuator {rF+ Slay+3 Clar RMsl}
 16517 | Lair:5   | Entered Level 5 of the Lair of Beasts
 16631 | Lair:5   | Reached skill level 15 in Fighting
 16923 | Lair:5   | Got an earthy gem with 246 turns to spare
 17001 | Lair:5   | Received a gift from Trog
 17154 | Lair:5   | Found a viscous altar of Jiyva.
 17154 | Lair:5   | Found a staircase to the Slime Pits.
 17649 | D:7      | Bought a +0 cloak for 63 gold pieces
 17801 | Orc:1    | Entered Level 1 of the Orcish Mines
 17819 | Orc:1    | Noticed an orc warlord
 17837 | Orc:1    | Killed an orc warlord
 17869 | Orc:1    | Found a frozen archway.
 17902 | IceCv    | Entered an ice cave
 17959 | IceCv    | Reached XP level 15. HP: 94/131 MP: 15/15
 18555 | IceCv    | Noticed a frost giant
 18566 | IceCv    | Received a gift from Trog
 18578 | IceCv    | Killed a frost giant
 18989 | Orc:1    | Noticed Nergalle
 18998 | Orc:1    | Killed Nergalle
 19011 | Orc:1    | Found Nonn's Vocational Training.
 19011 | Orc:1    | Found Wurchiss's Distillery.
 19030 | Orc:1    | Bought a potion of cancellation for 120 gold pieces
 19030 | Orc:1    | Bought a potion of heal wounds for 75 gold pieces
 19030 | Orc:1    | Bought a potion of heal wounds for 75 gold pieces
 19069 | Orc:2    | Entered Level 2 of the Orcish Mines
 19281 | Orc:2    | Paralysed by an orc sorcerer for 3 turns
 19287 | Orc:2    | Paralysed by an orc sorcerer for 4 turns
 19317 | Orc:2    | Reached skill level 15 in Dodging
 19321 | Orc:2    | Noticed Saint Roka
 19346 | Orc:2    | Killed Saint Roka
 19415 | Orc:2    | Found a roughly hewn altar of Beogh.
 19420 | Orc:2    | Found Rumunt's Jewellery Shop.
 19430 | Orc:2    | Found Foemp's Antique Weapon Shop.
 19547 | Orc:2    | Found a roughly hewn altar of Beogh.
 19571 | Orc:2    | Noticed Josephine
 19577 | Orc:2    | Killed Josephine
 19674 | Orc:2    | Found a staircase to the Elven Halls.
 19686 | Orc:2    | Reached ****** piety under Trog
 19772 | Orc:2    | Found Qifilaxt's General Store.
 19778 | Orc:2    | Bought a scroll of enchant weapon for 82 gold pieces
 19788 | Orc:2    | Found Feumn's Antique Armour Shop.
 20080 | Orc:1    | Noticed Snorg
 20216 | Orc:2    | Killed Snorg
 20560 | Orc:1    | Found a roughly hewn altar of Beogh.
 20628 | Orc:2    | Bought a masterwork rapier for 261 gold pieces
 20628 | Orc:2    | Identified the +3 rapier of Dried Tears {spect, *Slow rPois
                  | SInv} (You bought it in a shop on level 2 of the Orcish
                  | Mines)
 20702 | D:13     | Found a gate leading to a gauntlet.
 20716 | Gauntlet | Entered a Gauntlet
 20716 | Gauntlet | Found a transporter.
 20716 | Gauntlet | Found a transporter.
 20716 | Gauntlet | Found a transporter.
 20717 | Gauntlet | Found a transporter.
 20718 | Gauntlet | Found a transporter.
 20721 | Gauntlet | Found a transporter.
 20728 | Gauntlet | Found a transporter.
 20729 | Gauntlet | Found a transporter.
 20730 | Gauntlet | Found a transporter.
 20735 | Gauntlet | Found a transporter.
 20740 | Gauntlet | Found a transporter.
 20740 | Gauntlet | Found a transporter.
 20895 | Gauntlet | Identified the +4 mace of Johogg {speed, Str+7}
 20969 | Gauntlet | Identified the +3 pair of gloves of Privacy {Str+4}
 21009 | Gauntlet | Identified the +1 scale mail of Azeamuas {Harm}
 21010 | Gauntlet | Got the Catalogue of Cinders and Trauma
 21015 | D:13     | Gained mutation: Your spells are a little easier to cast,
                  | but a little less powerful. [potion of mutation]
 21233 | D:13     | Received a gift from Trog
 21374 | D:13     | Reached XP level 16. HP: 136/143 MP: 16/16
 21387 | D:13     | Reached skill level 18 in Fighting
 21393 | D:13     | oh
 21501 | D:13     | Found the +5 glaive of the Guard {elec, spectral}
 21766 | D:14     | Found Pas Pir's Antique Weapon Boutique.
 22400 | D:14     | Identified the +0 ring mail "Wedghodwu" {rC+ Int+6}
 22407 | D:14     | Found a gate to the Vaults.
 22638 | D:15     | Entered Level 15 of the Dungeon
 22664 | D:15     | Identified the +5 scimitar of Lackeun {flame, rN+} (Trog
                  | gifted it to you on level 15 of the Dungeon)
 22664 | D:15     | Received a gift from Trog
 22713 | D:15     | Found a shadowy altar of Dithmenos.
 22927 | D:15     | Found a staircase to the Depths.
 23005 | D:15     | Acquired a +2 pair of boots of flying
 23306 | D:15     | Found Sate's Book Boutique.
 23614 | Swamp:1  | Entered Level 1 of the Swamp
 24096 | Swamp:1  | Noticed a fenstrider witch
 24107 | Swamp:1  | Killed a fenstrider witch
 24147 | Swamp:1  | Reached XP level 17. HP: 106/153 MP: 17/17
 24488 | Swamp:2  | Received a gift from Trog
 24903 | Swamp:3  | Reached skill level 15 in Long Blades
 24999 | Swamp:3  | Lost mutation: Your spells are a little easier to cast, but
                  | a little less powerful. [potion of mutation]
 24999 | Swamp:3  | Gained mutation: You are clumsy. (Dex -2) [potion of
                  | mutation]
 24999 | Swamp:3  | Gained mutation: You are partially covered in iridescent
                  | scales. (AC +2) [potion of mutation]
 25000 | Swamp:3  | eh
 25298 | Swamp:4  | Entered Level 4 of the Swamp
 25358 | Swamp:3  | HP: 30/153 [poison (poison gas)]
 25870 | Swamp:4  | Noticed a tentacled monstrosity
 25889 | Swamp:4  | Killed a tentacled monstrosity
 26040 | Swamp:4  | Noticed a tentacled monstrosity
 26049 | Swamp:4  | Killed a tentacled monstrosity
 26222 | Swamp:4  | Received a gift from Trog
 26347 | Swamp:4  | Reached skill level 18 in Dodging
 26437 | Swamp:4  | Reached XP level 18. HP: 162/162 MP: 18/18
 26522 | Swamp:4  | Got a decaying rune of Zot
 26703 | Spider:1 | Entered Level 1 of the Spider Nest
 26791 | Spider:1 | Received a gift from Trog
 27151 | Spider:1 | Identified the orb of the Invisible Beggars {mayhem, Fly
                  | Stlth+ Summ}
 28052 | Spider:2 | Received a gift from Trog
 28158 | Spider:2 | Reached skill level 21 in Fighting
 28277 | Spider:2 | Reached skill level 6 in Armour
 29096 | Spider:4 | Entered Level 4 of the Spider Nest
 29392 | Spider:4 | Noticed Louise
 29409 | Spider:3 | Received a gift from Trog
 29482 | Spider:4 | Reached XP level 19. HP: 154/172 MP: 19/19
 29607 | Spider:4 | Killed Louise
 29854 | Spider:4 | Identified the dragon-blood talisman "Xethuu" {Dex+3}
 29854 | Spider:4 | Noticed Bai Suzhen
 29880 | Spider:4 | Killed Bai Suzhen
 30015 | Spider:4 | Received a gift from Trog
 30074 | Spider:4 | Got a gossamer rune of Zot
 30079 | Spider:4 | Lost mutation: You are partially covered in iridescent
                  | scales. (AC +2) [potion of mutation]
 30079 | Spider:4 | Lost mutation: You are clumsy. (Dex -2) [potion of
                  | mutation]
 30079 | Spider:4 | Gained mutation: You are partially covered in large bone
                  | plates. (SH +4) [potion of mutation]
 30079 | Spider:4 | Gained mutation: You are strong-willed. (Will+) [potion of
                  | mutation]
 30282 | Spider:4 | Found a hide-covered altar of Uskayaw.
 30550 | Elf:1    | Entered Level 1 of the Elven Halls
 30600 | Elf:1    | Found a shimmering blue altar of Sif Muna.
 30790 | Elf:1    | Found Qoveetih's Antique Weapon Emporium.
 30790 | Elf:1    | Found Qase's Distillery.
 30792 | Elf:1    | Found Uhasea Rumo's Magic Scroll Shoppe.
 30794 | Elf:1    | Found Dyidgh's Magic Scroll Emporium.
 30798 | Elf:1    | Bought a scroll of blinking for 97 gold pieces
 30798 | Elf:1    | Bought a scroll of blinking for 97 gold pieces
 30798 | Elf:1    | Bought a scroll of teleportation for 39 gold pieces
 30808 | Elf:1    | Bought a scroll of teleportation for 51 gold pieces
 30811 | Elf:1    | Bought a potion of experience for 850 gold pieces
 30811 | Elf:1    | Bought a potion of heal wounds for 85 gold pieces
 30811 | Elf:1    | Reached XP level 20. HP: 182/182 MP: 20/20
 30815 | Elf:1    | Bought 2 scrolls of enchant weapon for 195 gold pieces
 30892 | Elf:1    | Noticed Agnes
 30897 | Elf:1    | Killed Agnes
 31296 | Elf:2    | Identified the +10 scimitar of the Nexus {heavy, Str+4}
                  | (Trog gifted it to you on level 2 of the Elven Halls)
 31296 | Elf:2    | Received a gift from Trog
 31305 | Elf:2    | Reached skill level 9 in Armour
 31683 | Elf:2    | Found a huge runed translucent gate.
 31683 | Elf:2    | Found a huge runed translucent gate.
 31684 | Elf:2    | Found a huge runed translucent gate.
 31685 | Elf:2    | Found a huge runed translucent gate.
 31685 | Elf:2    | Found a huge runed translucent gate.
 32050 | Elf:2    | Reached XP level 21. HP: 190/190 MP: 21/21
 32072 | Elf:2    | Received a gift from Trog
 32360 | Elf:3    | Entered Level 3 of the Elven Halls
 32635 | Elf:3    | Found a shimmering blue altar of Sif Muna.
 32715 | Elf:3    | Found a runed translucent gate.
 32715 | Elf:3    | Found a runed translucent gate.
 32716 | Elf:3    | Found a runed translucent gate.
 32741 | Elf:3    | Noticed Hempoxt's ghost (adept HuAE)
 33078 | Elf:3    | Received a gift from Trog
 33355 | Elf:3    | Reached skill level 21 in Dodging
 33374 | Elf:3    | Identified the +9 dagger of the Whale {vamp, ^Fragile rF++
                  | rCorr Int+2}
 33395 | Elf:3    | Identified the ring "Qemifet" {rPois rF+ Dex+2}
 33460 | Elf:3    | Noticed Asterion
 33469 | Elf:3    | Killed Asterion
 33533 | Elf:3    | Identified the +6 trident of War {venom, *Rage +Blink SInv
                  | Stlth+}
 33533 | Elf:3    | Identified the +1 leather armour of the Special Souls
                  | {Regen+}
 33533 | Elf:3    | Identified the amulet of Henotheism {Spirit -Tele ^Fragile
                  | rF+++ rCorr}
 33534 | Elf:3    | Identified the +12 long sword of Intimidation {holy, rPois
                  | Int+3}
 33644 | Elf:3    | Received a gift from Trog
 33674 | Elf:3    | Identified the +6 chain mail of the Eleven Teeth {^Contam
                  | Will+ Str+3 Stlth+}
 33679 | Elf:3    | Got Sif Muna's Atlas of Searing Voltage
 33682 | Elf:3    | Identified the +0 scale mail of Hairiness {Harm rElec
                  | Int+3}
 33688 | Elf:3    | Identified the +5 dagger "Bingo" {heavy, rElec Dex+2}
 33696 | Elf:3    | Identified the staff "Plog" {rPois rN+ Will- Earth}
 33791 | Elf:3    | Got the Almanac of Dynamic Hail
 34290 | Vaults:1 | Entered Level 1 of the Vaults
 34775 | Vaults:1 | Identified the +3 leather armour of the Moon {Str+4}
 35138 | Vaults:1 | Identified the +0 scale mail of Luox {rC- Will+++ MP+9}
 35241 | Vaults:1 | Found a portal to a secret trove of treasure.
 35304 | Vaults:1 | Received a gift from Trog
 35556 | Vaults:2 | Reached XP level 22. HP: 202/202 MP: 22/22
 35698 | Vaults:2 | Reached skill level 24 in Fighting
 35762 | Vaults:2 | Noticed Xtahua
 35777 | Vaults:2 | Killed Xtahua
 36033 | Vaults:2 | Noticed Margery
 36048 | Vaults:2 | Killed Margery
 36483 | Vaults:2 | Noticed Jory
 36491 | Vaults:2 | Killed Jory
 36529 | Vaults:2 | Got the Atlas of the Mortal Prime Material
 36696 | Vaults:3 | Received a gift from Trog
 36717 | Vaults:3 | Noticed Norris
 36729 | Vaults:3 | Killed Norris
 36810 | Vaults:3 | Identified the +4 robe of Daovinab {Will+}
 36810 | Vaults:3 | Noticed Boris
 36818 | Vaults:3 | Killed Boris
 37456 | D:2      | Bought a +6 ring of slaying for 1725 gold pieces
 37750 | Vaults:1 | You paid a toll of a +6 ring of slaying to enter a treasure
                  | trove
 37751 | Trove    | Entered a treasure trove
 37759 | Trove    | Identified the +2 buckler "Faemiuj" {Rampage *Corrode Str+2
                  | Int+3}
 37762 | Trove    | Identified the +5 kite shield of Picumotz {Int+3 Dex+2
                  | Slay-3 SInv}
 37765 | Trove    | Identified the +0 hat of Inviolability {rElec rPois rC+
                  | Slay-4}
 37768 | Trove    | Identified the +1 helmet of Amelioration {Harm SInv}
 37771 | Trove    | Identified the scarf of a Hundred Scars {repulsion, Harm
                  | rF++}
 37773 | Trove    | Identified the +1 crystal plate armour of Makhleb's Respect
                  | {*Slow rF+ rN+++ Int-3}
 37777 | Trove    | Identified the +1 scale mail "Parieseaw" {rC+ Will+}
 37785 | Trove    | Identified the +0 hat of Shadows and Fog {Rampage Dex+3}
 37786 | Trove    | Identified the +0 pair of gloves of Gecvoud {Str+4 Int-5}
 38006 | Vaults:3 | Received a gift from Trog
 38099 | Vaults:3 | Noticed a dread lich
 38108 | Vaults:3 | Killed a dread lich
 38253 | Vaults:3 | Found Hum Vais's Assorted Antiques.
 38412 | Vaults:3 | Noticed Mennas
 38413 | Vaults:3 | hi
 38420 | Vaults:3 | Killed Mennas
 38421 | Vaults:3 | Reached XP level 23. HP: 192/213 MP: 23/23
 38426 | Vaults:3 | Found a staircase to the Crypt.
 38606 | Vaults:2 | Identified the +4 halberd "Neri" {protect, Str+2 Int+4}
 38820 | Vaults:4 | Received a gift from Trog
 39378 | Vaults:4 | Found a white marble altar of Elyvilon.
 39876 | Crypt:1  | Entered Level 1 of the Crypt
 40329 | Crypt:1  | Identified the +4 robe of Joy {Will+ Regen+ Dex+2 Slay-6}
 40329 | Crypt:1  | Noticed Boris
 40355 | Crypt:1  | Killed Boris
 40456 | Crypt:1  | Found an ancient bone altar of Kikubaaqudgha.
 41001 | Crypt:1  | Received a gift from Trog
 41398 | Crypt:2  | Identified the +2 robe "Asucw" {rN+}
 41640 | Crypt:2  | Reached skill level 24 in Dodging
 41721 | Crypt:2  | Identified the +3 robe "Dutat" {Harm MP+9 Int+3}
 41721 | Crypt:2  | Noticed Boris
 41735 | Crypt:2  | Killed Boris
 41821 | Crypt:2  | Received a gift from Trog
 41875 | Crypt:2  | Identified the +5 falchion of the Wasp {heavy, rC+}
 42011 | Crypt:3  | Entered Level 3 of the Crypt
 42254 | Crypt:3  | Reached XP level 24. HP: 223/225 MP: 23/23
 42272 | Crypt:3  | Found an ancient bone altar of Kikubaaqudgha.
 42526 | Crypt:3  | Identified the ring "Supusareu" {Ice rPois rN++}
 42526 | Crypt:3  | Identified the ring "Zoxerom" {rF- rC+ rN++ MP+9 Int+3}
 42526 | Crypt:3  | Identified the ring "Aqist" {rF+ rN++ rCorr Stlth+}
 42528 | Crypt:3  | Identified the staff of Defenestration {Dex+3 Stlth- Conj
                  | Summ}
 42571 | Crypt:3  | Got the Almanac of Aerial Hexing
 42809 | Crypt:3  | Received a gift from Trog
 42961 | Crypt:3  | Found a staircase to the Tomb.
 42995 | Crypt:3  | Got the Handbook of the Iotic Cumulonimbus
 43460 | Depths:1 | Entered Level 1 of the Depths
 43557 | Depths:1 | Reached skill level 27 in Fighting
 43707 | Depths:1 | Found a gateway to Hell.
 43970 | Depths:1 | Received a gift from Trog
 44006 | Depths:1 | Found a one-way gate to the infinite horrors of the Abyss.
 44043 | Depths:1 | Found a transporter.
 44741 | Depths:2 | Identified the +8 rapier "Nysunoch" {freeze, Will+ rCorr
                  | MP+9}
 44890 | Depths:2 | why
 45076 | Depths:2 | Reached XP level 25. HP: 232/234 MP: 23/23
 45123 | Depths:2 | Found Oloac's Weapon Emporium.
 45212 | Depths:2 | Found a transporter.
 45219 | Depths:2 | Found a transporter.
 45342 | Depths:2 | Found a one-way gate leading to the halls of Pandemonium.
 45466 | Depths:2 | Received a gift from Trog
 45695 | Depths:2 | Noticed Sojobo
 45713 | Depths:2 | Killed Sojobo
 45890 | Depths:3 | Identified the +7 war axe of the Valley {flame, rElec Int+5
                  | Dex-4}
 46195 | Depths:3 | ow?
 46195 | Depths:3 | hm
 46379 | Depths:3 | Identified the +4 robe "Caaheg" {Archmagi}
 46379 | Depths:3 | Noticed Boris
 46385 | Depths:3 | Killed Boris
 46465 | Depths:3 | Received a gift from Trog
 46534 | Depths:3 | Noticed Grunn
 46540 | Depths:3 | Killed Grunn
 46827 | Depths:3 | Noticed Vv
 46828 | Depths:3 | hm
 46838 | Depths:3 | Killed Vv
 47039 | Depths:4 | Entered Level 4 of the Depths
 47084 | Depths:4 | Found a one-way gateway to a ziggurat.
 47133 | Depths:4 | Found a glowing golden altar of the Shining One.
 47159 | Depths:4 | Reached skill level 27 in Dodging
 47225 | Depths:4 | Noticed a juggernaut
 47233 | Depths:4 | Killed a juggernaut
 47473 | Depths:4 | Found a gate to the Realm of Zot.
 47495 | Depths:4 | Reached skill level 12 in Armour
 47819 | Depths:4 | Identified the +10 long sword of the Gibberer {heavy,
                  | *Corrode rPois Dex+6} (Trog gifted it to you on level 4 of
                  | the Depths)
 47819 | Depths:4 | Received a gift from Trog
 47900 | Depths:4 | Reached XP level 26. HP: 242/242 MP: 23/23
 47906 | Depths:4 | Identified the ring of Doubts {rPois rF- rCorr Str+2}
 48052 | Depths:4 | Found a stormy altar of Qazlal.
 48211 | Depths:4 | Found Ineenikk's Jewellery Shoppe.
 48211 | Depths:4 | Found Inlekyp's Book Boutique.
 48213 | Depths:4 | Found Giokkuha's Book Boutique.
 48788 | Elf:3    | Killed Hempoxt's ghost
 48835 | Elf:3    | Identified the +1 pair of boots "Keudimuq" {rPois rN+ Int+2
                  | Slay-4}
 49228 | Vaults:5 | Entered Level 5 of the Vaults
 49273 | Vaults:5 | Noticed a dread lich
 49285 | Vaults:5 | Killed a dread lich
 49285 | Vaults:5 | Received a gift from Trog
 49402 | Vaults:5 | Identified the +4 chain mail "Erpheymim" {Harm rN+ Str+3
                  | Int-4}
 49408 | Vaults:5 | Reached skill level 15 in Armour
 49635 | Vaults:5 | Received a gift from Trog
 49700 | Vaults:5 | Noticed an ancient lich
 49716 | Vaults:5 | Killed an ancient lich
 49874 | Vaults:5 | Noticed a dread lich
 49887 | Vaults:5 | Killed a dread lich
 50088 | Vaults:5 | Found Voyrieg's Distillery.
 50106 | Vaults:5 | Got a silver rune of Zot
 50254 | Vaults:5 | Bought a scroll of blinking for 157 gold pieces
 50306 | Vaults:5 | Bought a potion of haste for 210 gold pieces
 50306 | Vaults:5 | Bought a potion of resistance for 210 gold pieces
 50366 | Vaults:5 | Reached XP level 27. HP: 244/249 MP: 23/23
 50422 | Vaults:5 | Got the Incunable of Debased Rites
 50544 | Vaults:5 | Received a gift from Trog
 50923 | Vaults:5 | Bought a potion of curing for 63 gold pieces
 50923 | Vaults:5 | Bought a potion of heal wounds for 105 gold pieces
 50923 | Vaults:5 | Bought 2 potions of curing for 126 gold pieces
 50923 | Vaults:5 | Bought a potion of curing for 63 gold pieces
 50923 | Vaults:5 | Bought a potion of mutation for 168 gold pieces
 51021 | Vaults:3 | Bought a potion of heal wounds for 110 gold pieces
 51281 | D:7      | Bought a potion of mutation for 112 gold pieces
 51370 | Orc:1    | Bought a potion of might for 60 gold pieces
 51370 | Orc:1    | Bought a potion of haste for 150 gold pieces
 51370 | Orc:1    | Bought a potion of might for 60 gold pieces
 51370 | Orc:1    | Bought a potion of might for 60 gold pieces
 51467 | Elf:1    | Bought a potion of mutation for 136 gold pieces
 51467 | Elf:1    | Bought a potion of haste for 170 gold pieces
 51470 | Elf:1    | Bought a scroll of revelation for 127 gold pieces
 51748 | Zot:1    | Entered Level 1 of the Realm of Zot
 51860 | Zot:1    | Reached skill level 18 in Long Blades
 52539 | Zot:2    | Found a transporter.
 52719 | Zot:2    | Found a transporter.
 53023 | Zot:4    | Received a gift from Trog
 53135 | Zot:5    | Entered Level 5 of the Realm of Zot
 53378 | Zot:5    | Reached skill level 18 in Armour
 53461 | Zot:5    | Noticed a dread lich
 53465 | Zot:5    | Killed a dread lich
 53485 | Zot:5    | Noticed an orb of fire
 53488 | Zot:5    | Killed an orb of fire
 53489 | Zot:5    | Noticed an orb of fire
 53495 | Zot:5    | Killed an orb of fire
 53495 | Zot:5    | Noticed an orb of fire
 53502 | Zot:5    | Killed an orb of fire
 53503 | Zot:5    | Noticed a dread lich
 53506 | Zot:5    | Killed a dread lich
 53512 | Zot:5    | Noticed an ancient lich
 53515 | Zot:5    | Killed an ancient lich
 53539 | Zot:5    | Noticed a dread lich
 53542 | Zot:5    | Noticed a dread lich
 53542 | Zot:5    | Noticed an orb of fire
 53554 | Zot:5    | Killed an orb of fire
 53556 | Zot:5    | Killed a dread lich
 53556 | Zot:5    | Identified the +2 great sword of Usadul {flame, ^Contam
                  | rElec Will+ Dex+7} (Trog gifted it to you on level 5 of the
                  | Realm of Zot)
 53556 | Zot:5    | Received a gift from Trog
 53562 | Zot:5    | Killed a dread lich
 53589 | Zot:5    | Noticed an ancient lich
 54011 | Zot:5    | Noticed an electric golem
 54020 | Zot:5    | Killed an electric golem
 54037 | Zot:5    | Noticed an ancient lich
 54047 | Zot:5    | Killed an ancient lich
 54113 | Zot:5    | Got the Orb of Zot
 54263 | Zot:1    | Noticed Vijabb the pandemonium lord
 54340 | Depths:1 | Reached skill level 21 in Long Blades
 54591 | D:$      | Escaped with the Orb!

Levels and vault maps discovered:
D:1:      wander_arrival_fairy_ring, layout_basic, ebering_ecumenical_altar_webs
D:2:      layout_basic, nicolae_shop_unique_rings
D:3:      layout_basic, minivault_26
D:4:      layout_rooms, minmay_ruptured
D:5:      layout_basic, mainiacjoe_overflow_six_doors_small,
          portal_sewer_entry_d
D:6:      layout_cave_pods
D:7:      layout_cave_pools, minmay_temple_entry_wispy, serial_gnoll_camp,
          gnoll_camp_mini_hut, gnoll_camp_mini_hut, gnoll_camp_mini_shop,
          gnoll_camp_medium_02, minmay_bent
D:8:      layout_basic
D:9:      layout_small_grid, gammafunk_temple_overflow_statue
D:10:     layout_basic, erik_lair_dragon, serial_shops,
          nicolae_shop_tiny_real_fake_doors, minivault_14, solitary_fountain
D:11:     minmay_quarter_circles, layout_irregular_city,
          minmay_orc_entry_temple_small, nicolae_diode_stairs
D:12:     layout_loops_corners, pond
D:13:     minmay_guarded_unrand_guard, layout_basic, gauntlet_entry_generic
D:14:     layout_roguey, grunt_vaults_entry_tiered, st_stairs_8,
          nicolae_stop_n_shop_2
D:15:     hellmonk_depths_entry_around_the_bend, layout_loops_ring,
          serial_shops, nicolae_shop_real_fake_doors,
          minmay_misc_feat_more_columns, nicolae_dithmenos_shadow_blocks
Temple:   hellmonk_temple_of_storms
Lair:1:   layout_roguey
Lair:2:   layout_roguey [special_room_bee], swamp_mist, spider_nest_entry_webs,
          nzn_sisyphean_effort
Lair:3:   layout_hall_layers, uniq_sonja
Lair:4:   layout_long_grid, grunt_forest_large_clearings
Lair:5:   minmay_lair_end_frog_pond, layout_misc_corridors,
          dpeg_slime_entry_enclosed, st_stairs_8
Swamp:1:  nicolae_swamp_standing_stones, layout_basic_swamp,
          evilmike_swamp_ruin_rubble_1
Swamp:2:  layout_falls_marsh, hangedman_swamp_diagram, swamp_pool_3,
          nicolae_swamp_baby_hydras, infiniplex_staircase_pool
Swamp:3:  layout_basic_swamp, nicolae_swamp_round_clearing,
          nicolae_swamp_tree_isthmus
Swamp:4:  nzn_swamp_witches_coven, layout_basic_swamp
Spider:1: layout_chambers
Spider:2: layout_spider_delve
Spider:3: layout_spider_delve, nicolae_spider_undead_wolf_pack
Spider:4: hellmonk_spider_rune_endless_swarm, nicolae_spider_altar_of_dancing,
          uniq_bai_suzhen, uniq_louise
Orc:1:    layout_caves, portal_ice_cave_rime, serial_shops,
          nicolae_shop_crystal, special_room [special_room_orc],
          nicolae_shop_vocational, uniq_nergalle, uniq_snorg
Orc:2:    grunt_orc_cross, layout_caves, basic_altar, uniq_josephine
Elf:1:    eino_elf_arrival_shootout, layout_geoelf_octagon, basic_altar,
          minmay_elf_necromancy, minmay_shoptagon, uniq_agnes
Elf:2:    elven_hall_of_blades_hangedman_alternative
          [nicolae_blade_entry_area_security], layout_geoelf_diagonals,
          uniq_saint_roka
Elf:3:    minmay_elf_hall_curves, layout_geoelf_diagonals,
          gammafunk_ghost_tricky_traps, basic_altar, uniq_asterion
Vaults:1: dpeg_vaults_monster_box, nicolae_vaults_trapezoid_4,
          hangedman_vaults_corner_blocks, nicolae_vaults_alarming, v_misc_23,
          v_rooms_3, vaults_room_corners, layout_vaults_ring,
          trove_entry_hex_spiral
Vaults:2: v_alt_pattern_1, nicolae_vaults_display_case,
          nicolae_vaults_what_the_h, ontoclasm_vaults_fault,
          vaults_dpeg_encased_lava, vaults_room_semicircle,
          ontoclasm_vaults_eye, v_alt_pattern_2, nicolae_vaults_sealed_display,
          layout_vaults_omnigrid, uniq_xtahua, uniq_margery, uniq_jory
Vaults:3: vaults_mumra_hex, hangedman_vaults_cutoff,
          minmay_crypt_entry_vampire_xt, nicolae_vaults_enemy_cabinets,
          vaults_room_door_hall, v_rooms_2, vaults_mumra_minichess_inversion,
          nicolae_vaults_specimen_jars, nicolae_vaults_wrenched,
          nicolae_vaults_house_3, nicolae_vaults_trapezoid_lopsided_1,
          layout_vaults_omnibox, serial_shops, shop, uniq_mennas, uniq_norris,
          uniq_boris
Vaults:4: nicolae_vaults_gold_heap, vaults_dpeg_hooks,
          nicolae_vaults_surprise_closet, hangedman_vaults_maws, v_misc_25,
          nicolae_vaults_little_squares_1, vaults_room_fancy_cross,
          lemuel_angel_altar, hangedman_vaults_impose,
          nicolae_vaults_storage_closets_2, nicolae_vaults_tetromino_L_1,
          ontoclasm_vaults_gateway, layout_vaults_chaotic_city
Vaults:5
Crypt:1:  layout_rooms, tombwall_bobbens, grunt_crypt_arrival_guarded_gate
Crypt:2:  layout_gridlike, hex_large, nicolae_crypt_ancient_font
Crypt:3:  grunt_crypt_end_deaths_head
Depths:1: layout_small_grid, abyss_entry, serial_glass, glass_columns_a,
          glass_columns_a, glass_columns_a, glass_columns_c,
          nicolae_hell_entry_hellmouth_sunbeams, nicolae_titane, st_stairs_14,
          nicolae_sextant, nrook_uturn, grunt_decor_arrowhead,
          nicolae_diode_basic
Depths:2: hangedman_spin_cycle, abyss_entry, pan_entry, hell_entry
Depths:3: minmay_containers, layout_gridlike, hell_entry,
          hangedman_abyss_entry_splay, serial_aquarium, aquarium_bridge_square
          [aquarium_subvault_wall, aquarium_subvault_bridge,
          aquarium_subvault_wall, aquarium_subvault_window],
          aquarium_bridge_square [aquarium_subvault_bridge,
          aquarium_subvault_wall, aquarium_subvault_bridge,
          aquarium_subvault_wall], aquarium_window_corridor_3,
          aquarium_window_2, aquarium_window_1, aquarium_window_1,
          aquarium_view_2c, aquarium_view_2b, aquarium_pool_split, uniq_sojobo,
          uniq_grunn, uniq_vv
Depths:4: grunt_zot_entry_funnels, layout_basic, enter_ziggurat_f,
          tso_metal_star, hell_entry, amcnicky_mini_pool_small,
          chequers_serial_rivers_micro_b, nicolae_qazlal_general_emergency,
          minmay_shop_grove
Zot:1:    layout_gridlike
Zot:2:    gammafunk_sealed_arena, layout_gridville
Zot:3:    layout_onion, grunt_megastairs_5
Zot:4:    gammafunk_the_bubble [the_bubble_gammafunk_grid],
          layout_onion_interference
Zot:5:    layout_misc_corridors, lemuel_baited_zot_trap,
          regret_index_zotdec_slimy_original, skrybe_zot_glass_3

Action                     |  1- 3 |  4- 6 |  7- 9 | 10-12 | 13-15 | 16-18 | 19-21 | 22-24 | 25-27 || total
---------------------------+-------+-------+-------+-------+-------+-------+-------+-------+-------++-------
  Melee: Falchion          |    70 |    63 |   199 |   207 |       |       |       |       |       ||   539
         Spear             |    79 |    13 |       |       |       |       |       |       |       ||    92
         War axe           |       |    15 |       |       |       |       |       |       |       ||    15
         Short sword       |       |    37 |    31 |       |       |       |       |       |       ||    68
         Morningstar       |       |     3 |       |       |       |       |       |       |       ||     3
         Long sword        |       |       |   154 |   855 |   754 |       |       |   484 |       ||  2247
         Demon blade       |       |       |       |       |   635 |   842 |   590 |  1056 |  1051 ||  4174
         Scimitar          |       |       |       |       |   346 |   374 |       |       |       ||   720
         Double sword      |       |       |       |       |       |   434 |   586 |   597 |  1091 ||  2708
  Throw: Dart              |       |       |    11 |     7 |    11 |     1 |     2 |       |       ||    32
         Throwing net      |       |       |       |    18 |       |       |       |       |       ||    18
 Invoke: Trog's Hand       |       |       |       |     6 |     3 |     5 |    11 |    11 |    16 ||    52
         Berserk           |       |       |       |     6 |     4 |     1 |       |     2 |     1 ||    14
         Brothers in Arms  |       |       |       |       |       |     1 |     2 |     3 |     3 ||     9
Ability: Invent Gizmo      |       |       |       |       |     1 |       |       |       |       ||     1
  Evoke: Wand              |       |       |     9 |    20 |     4 |       |     4 |     2 |     3 ||    42
         Lightning rod     |       |       |       |       |       |       |     2 |       |       ||     2
    Use: Scroll            |     2 |     9 |     9 |    10 |    12 |     4 |     9 |     3 |    20 ||    78
         Potion            |       |     1 |       |     2 |     2 |     1 |     2 |       |    22 ||    30
   Stab: Sleeping          |     4 |       |       |       |     2 |     3 |       |     7 |     1 ||    17
         Held in net/web   |       |       |       |    21 |       |       |       |       |     1 ||    22
         Invisible         |       |       |       |     3 |       |       |       |       |       ||     3
         Distracted        |       |       |       |       |       |       |       |     1 |     8 ||     9
         Confused          |       |       |       |       |       |       |       |       |    12 ||    12
         Petrifying        |       |       |       |       |       |       |       |       |     5 ||     5
         Paralysed         |       |       |       |       |       |       |       |       |     6 ||     6
 Armour: Leather armour    |    15 |       |       |    57 |   344 |   398 |   241 |   315 |   220 ||  1590
         Robe              |     2 |       |       |       |       |       |       |       |       ||     2
         Ring mail         |    13 |    37 |    88 |   228 |    41 |       |       |       |       ||   407
         Acid dragon scale |       |       |       |       |       |       |       |       |    92 ||    92
  Dodge: Dodged            |    42 |    31 |   110 |   367 |   648 |   709 |   404 |   863 |   838 ||  4012
         Repelled          |       |       |     1 |    16 |    23 |    30 |    31 |    30 |    57 ||   188
  Block: Other             |       |       |       |       |       |       |    40 |   101 |    95 ||   236
